 Dungeon Crawl Stone Soup version 0.21-a0-504-g2eda330 (webtiles) character file.

50157 vineage the Peltast (level 14, -1/129 HPs)
             Began as a Minotaur Fighter on Nov 25, 2017.
             Was the Champion of Okawaru.
             Slain by an alligator snapping turtle (18 damage)
             ... on level 1 of the Shoals.
             The game lasted 00:28:49 (17200 turns).

vineage the Peltast (Minotaur Fighter)             Turns: 17200, Time: 00:28:51

Health: -1/129     AC: 24    Str: 32    XL:     14   Next: 18%
Magic:  12/13      EV: 15    Int:  3    God:    Okawaru [******]
Gold:   1378       SH: 28    Dex: 16    Spells: 13/13 levels left

rFire    + . .     SeeInvis .   a - +3 morningstar (protect)
rCold    + . .     Gourm    .   V - +0 large shield
rNeg     . . .     Faith    .   I - +4 scale mail
rPois    .         Spirit   .   t - +0 hat {MR+}
rElec    +         Reflect  .   N - scarf {repulsion}
rCorr    .         Harm     .   d - +1 pair of gloves {Str+3}
MR       ++...                  (no boots)
Stlth    ++........             n - amulet of magic regeneration
HPRegen  0.31/turn              Q - ring "Pexiarph" {rF+ rC+ Str+4 Int+3}
MPRegen  0.38/turn              A - ring "Nietaeluru" {rElec Int-5 Dex+5 Stlth+}

@: heroism, barbed spikes, protection aura, hasted, repel missiles, slow
A: retaliatory headbutt, horns 2
a: Heroism, Finesse, Renounce Religion


You were on level 1 of the Shoals.
You worshipped Okawaru.
Okawaru was exalted by your worship.
You were not hungry.

You visited 4 branches of the dungeon, and saw 17 of its levels.

You collected 1378 gold pieces.

Inventory:

Hand Weapons
 a - a +3 morningstar of protection (weapon)
 e - a +2 whip of electrocution
Armour
 d - a +1 pair of gloves of strength (worn)
 t - a +0 hat of magic resistance (worn)
 I - a +4 scale mail (worn)
 N - a scarf of repulsion (worn)
 V - a +0 large shield (worn)
Jewellery
 n - an amulet of magic regeneration (around neck)
 o - a +3 ring of strength
 A - the ring "Nietaeluru" (right hand) {rElec Int-5 Dex+5 Stlth+}
   (You found it on level 4 of the Dungeon)

   [ring of stealth]

   It affects your intelligence (-5).
   It affects your dexterity (+5).
   It insulates you from electricity.
   It makes you more stealthy.
 C - an uncursed ring of protection from cold {unknown}
 J - an uncursed ring of resist corrosion {unknown}
 L - an uncursed ring of resist corrosion {unknown}
 M - an uncursed ring of protection from fire {unknown}
 Q - the ring "Pexiarph" (left hand) {rF+ rC+ Str+4 Int+3}
   (You found it on level 9 of the Dungeon)

   [ring of protection from cold]

   It affects your strength (+4).
   It affects your intelligence (+3).
   It protects you from fire.
   It protects you from cold.
Wands
 h - a wand of polymorph (12)
 i - a wand of random effects (68)
 p - a wand of iceblast (5)
 q - a wand of acid (10)
 r - a wand of digging (35)
 G - a wand of flame (56)
 P - a wand of enslavement (15)
 Y - a wand of paralysis (6)
Scrolls
 c - a scroll of fear
 k - 5 scrolls of teleportation
 m - a scroll of holy word {unknown}
 s - 9 scrolls of remove curse
 v - 3 scrolls of magic mapping
 w - 4 scrolls of amnesia
 E - 2 scrolls of blinking
 F - a scroll of vulnerability
 O - a scroll of fog
 X - a scroll of enchant weapon {unknown}
Potions
 b - a potion of ambrosia
 l - 4 potions of flight
 u - a potion of magic
 x - 4 potions of invisibility
 z - 2 potions of brilliance
 D - 2 potions of agility
 S - a potion of cancellation {unknown}
 T - 3 potions of curing
 Z - a potion of resistance {unknown}
Books
 H - a book of Cantrips

   Spells                             Type                      Level
   a - Confusing Touch                Hexes                        1
   b - Animate Skeleton               Necromancy                   1
   c - Summon Small Mammal            Summoning                    1
   d - Apportation                    Translocation                1
 K - a book of Changes

   Spells                             Type                      Level
   a - Beastly Appendage              Transmutation                1
   b - Sticks to Snakes               Transmutation                2
   c - Spider Form                    Transmutation/Poison         3
   d - Ice Form                       Ice/Transmutation            4
   e - Blade Hands                    Transmutation                5
 R - a book of Conjurations

   Spells                             Type                      Level
   a - Magic Dart                     Conjuration                  1
   b - Searing Ray                    Conjuration                  2
   c - Dazzling Spray                 Conjuration/Hexes            3
   d - Fulminant Prism                Conjuration/Hexes            4
   e - Force Lance                    Conjuration/Translocation    4
   f - Iskenderun's Mystic Blast      Conjuration                  4
Comestibles
 f - 9 bread rations
 g - 9 royal jellies
 j - 6 meat rations
 W - 8 fruits


   Skills:
 + Level 13.1(18.1) Fighting
 + Level 14.4(19.4) Maces & Flails
 - Level 12.7(17.7) Armour
 + Level 1.7(6.7) Dodging
 - Level 20.4(25.4) Shields


You had 13 spell levels left.
You didn't know any spells.

Dungeon Overview and Level Annotations

Branches:
Dungeon (9/15)             Temple (1/1) D:4            Lair (6/6) D:9
 Shoals (1/4) Lair:2        Snake (0/4) Lair:3        Slime (0/5) Lair:6
    Orc (0/2) D:9

Altars:
Ashenzari
Cheibriados
Dithmenos
Elyvilon
Fedhas
Gozag
Hepliaklqana
Kikubaaqudgha
Makhleb
Nemelex Xobeh
Okawaru
Qazlal
Ru
Sif Muna
Trog
Uskayaw
Vehumet
Wu Jian
Xom
Yredelemnul
Zin
The Shining One

Shops:
D:6 *

Portals:
Hell: Lair:6

Annotations:
Lair:5 exclusion: 4 oklob plants


Innate Abilities, Weirdness & Mutations

You reflexively headbutt those who attack you in melee.
You have a pair of horns on your head.


Message History

The alligator snapping turtle bites you but does no damage.
The wind drake flaps its wings at you. The air twists around and strikes you!
The barbed spikes dig painfully into your body as you move.
* * * LOW HITPOINT WARNING * * *
The manticore closely misses you. You furiously retaliate!
You headbutt the manticore! You block the manticore's attack.
The manticore claws you!
* * * LOW HITPOINT WARNING * * *
You block the snapping turtle's attack. The wind drake flaps its wings at you.
The air twists around and strikes you!
You spit the manticore like a pig!!!
Your weapon exudes an aura of protection.
You kill the manticore!
Okawaru accepts your kill. The snapping turtle bites you!
* * * LOW HITPOINT WARNING * * *
The alligator snapping turtle bites you from afar!!
You die...

≈≈≈≈≈≈≈≈≈≈≈≈≈≈≈≈
≈≈≈≈≈≈≈≈≈≈≈≈≈≈≈≈≈
≈≈≈≈≈≈≈≈≈≈≈≈≈≈≈k≈≈
≈≈≈≈≈≈≈≈≈≈≈≈≈≈≈≈≈≈
≈≈≈≈≈≈≈≈≈≈≈≈≈≈≈≈≈≈
≈≈≈≈≈≈≈≈≈≈≈≈≈≈≈≈≈≈
≈≈≈≈≈≈≈≈≈≈≈≈≈≈≈≈≈≈
≈≈≈≈≈≈≈≈t≈≈≈≈≈≈≈≈≈
≈≈≈≈≈≈≈≈@≈t≈≈≈≈≈≈≈
≈≈≈≈≈≈≈<≈≈.≈≈≈≈≈≈≈
≈≈≈≈≈≈†≈≈≈≈≈≈≈≈≈≈≈
≈≈≈≈≈≈≈≈≈≈≈≈≈≈≈≈≈≈
≈≈≈≈≈≈≈≈≈≈≈≈≈≈≈≈≈≈
≈≈≈≈≈≈≈≈≈≈≈≈≈≈≈≈≈≈
≈≈≈≈≈≈≈≈≈≈≈≈≈≈≈≈≈≈
≈≈≈≈≈≈≈≈≈≈≈≈≈≈≈≈≈
≈≈≈≈≈≈≈≈≈≈≈≈≈≈≈≈


You could see an alligator snapping turtle, a snapping turtle and a wind drake.

Vanquished Creatures
  A dire elephant (Lair:6)
  7 hydras
  A merfolk avatar (Shoals:1)
  2 two-headed ogres
  A centaur warrior (D:9)
  A death yak (Lair:6)
  A sixfirhy (Lair:6)
  A harpy (Shoals:1)
  A wizard (Lair:6)
  Pikel (D:6)
  A manticore (Shoals:1)
  15 elephants
  9 black mambas
  A smoke demon (Lair:6)
  12 spiny frogs
  2 orange demons (Lair:6)
  8 komodo dragons
  2 rime drakes (Lair:6)
  3 ice devils (Lair:6)
  A polar bear (Lair:6)
  A red devil (Lair:6)
  A hornet (D:9)
  The ghost of anything the Shooter, an amateur DgHu (D:4)
  Prince Ribbit (D:5)
  18 blink frogs
  5 dream sheep (Lair:6)
  12 hippogriffs
  A spriggan (Lair:2)
  2 basilisks
  A human (D:8)
  A wyvern (Lair:4)
  35 yaks
  4 hogs (D:8)
  2 hungry ghosts
  Edmund (D:5)
  A naga (Lair:3)
  The ghost of zkyp the Chopper, an amateur TeMo (D:3)
  A soldier ant (D:9)
  3 hell hounds (Lair:6)
  11 water moccasins
  Duvessa (D:7)
  11 porcupines
  2 ice beasts
  4 black bears
  A slave (D:6)
  2 orc warriors
  3 phantoms
  11 wolves
  2 ogres
  A centaur (Lair:2)
  23 crocodiles
  Blork the orc (D:5)
  3 big kobolds
  12 bullfrogs
  Dowan (D:7)
  4 scorpions
  A wight (D:7)
  3 crimson imps
  2 bullfrog zombies (D:5)
  A jelly (D:6)
  6 hounds
  3 bullfrog skeletons
  6 orc priests
  8 orc wizards
  Crazy Yiuf (D:6)
  3 iguanas
  6 worker ants
  3 hound skeletons
  12 adders
  4 shadow imps
  2 adder skeletons
  2 worms
  4 leopard geckos
  30 orcs
  6 giant cockroaches
  A hobgoblin (D:2)
  6 jackals
  22 kobolds
  3 quokkas
  6 bats
  5 frilled lizards
  7 goblins
  A jackal skeleton (D:7)
  A jackal zombie (D:7)
  A quokka skeleton (D:5)
  15 rats
  2 fungi (D:6)
429 creatures vanquished.

Vanquished Creatures (others)
  A crimson imp (D:6)
  14 fungi (Lair:6)
  8 plants
23 creatures vanquished.

Grand Total: 452 creatures vanquished

Notes
Turn   | Place    | Note
-------+----------+-------------------------------------------
     0 | D:1      | vineage the Minotaur Fighter began the quest for the Orb.
     0 | D:1      | Reached XP level 1. HP: 19/19 MP: 0/0
   162 | D:1      | Reached XP level 2. HP: 26/26 MP: 1/1
   723 | D:2      | Reached XP level 3. HP: 28/31 MP: 2/2
  1072 | D:2      | Reached skill level 5 in Maces & Flails
  1690 | D:3      | Reached XP level 4. HP: 35/39 MP: 3/3
  1935 | D:3      | Found a sacrificial altar of Ru.
  1970 | D:3      | Noticed zkyp's ghost (amateur TeMo)
  1977 | D:3      | Killed zkyp's ghost
  1977 | D:3      | Reached XP level 5. HP: 45/45 MP: 4/4
  2168 | D:4      | Reached XP level 6. HP: 51/51 MP: 5/5
  2182 | D:4      | Got a translucent jade ring
  2206 | D:4      | Noticed anything's ghost (amateur DgHu)
  2217 | D:4      | Killed anything's ghost
  2489 | D:4      | Reached XP level 7. HP: 25/57 MP: 6/6
  2808 | D:4      | Lost intelligence.
  2808 | D:4      | Identified the ring "Nietaeluru" {rElec Int-5 Dex+5 Stlth+} (You found it on level 4 of the Dungeon)
  2843 | D:4      | Found a shattered altar of Ashenzari.
  2847 | D:4      | Found a staircase to the Ecumenical Temple.
  2867 | Temple   | Entered the Ecumenical Temple
  2979 | Temple   | Became a worshipper of Warmaster Okawaru
  3302 | D:5      | Entered Level 5 of the Dungeon
  3316 | D:5      | Reached skill level 10 in Maces & Flails
  3382 | D:5      | Noticed Edmund
  3396 | D:5      | Killed Edmund
  3407 | D:5      | Reached XP level 8. HP: 23/64 MP: 7/7
  3791 | D:5      | Noticed Blork the orc
  3801 | D:5      | Killed Blork the orc
  3801 | D:5      | Reached * piety under Okawaru
  3949 | D:5      | Noticed Prince Ribbit
  3955 | D:5      | Killed Prince Ribbit
  4695 | D:6      | Noticed Pikel
  4715 | D:6      | Killed Pikel
  4715 | D:6      | Reached ** piety under Okawaru
  4715 | D:6      | Reached XP level 9. HP: 51/70 MP: 8/8
  4816 | D:6      | Found Xyal's General Store.
  5188 | D:6      | Found a runed door.
  5192 | D:6      | Noticed Crazy Yiuf
  5196 | D:6      | Killed Crazy Yiuf
  5196 | D:6      | Reached skill level 4 in Shields
  5523 | D:7      | Reached skill level 5 in Armour
  5637 | D:7      | Reached skill level 5 in Fighting
  5637 | D:7      | Reached skill level 5 in Shields
  5689 | D:7      | Noticed Duvessa
  5690 | D:7      | Noticed Dowan
  5695 | D:7      | Killed Dowan
  5710 | D:7      | Killed Duvessa
  5710 | D:7      | Reached *** piety under Okawaru
  6291 | D:7      | Found a shimmering altar of Xom.
  6293 | D:7      | Found a shimmering altar of Xom.
  6293 | D:7      | Found a bloodstained altar of Trog.
  6295 | D:7      | Found a sparkling altar of Nemelex Xobeh.
  6295 | D:7      | Found an opulent altar of Gozag.
  6295 | D:7      | Found an ornate altar of the Wu Jian Council.
  6610 | D:8      | Noticed a two-headed ogre
  6855 | D:8      | Killed a two-headed ogre
  6855 | D:8      | Reached skill level 6 in Shields
  6855 | D:8      | Reached XP level 10. HP: 83/83 MP: 7/9
  6939 | D:8      | Reached **** piety under Okawaru
  6959 | D:8      | Reached skill level 7 in Shields
  7752 | D:9      | Found a staircase to the Orcish Mines.
  7817 | D:9      | Got a fine leather armour
  7828 | D:9      | Identified the +1 leather armour of Ahebuib {rElec MR+ rCorr SInv} (You took it off a kobold on level 9 of the Dungeon)
  7841 | D:9      | Found a large runed door.
  7951 | D:9      | Found a large runed door.
  7955 | D:9      | Found a large runed door.
  7968 | D:9      | Noticed a two-headed ogre
  7968 | D:9      | Reached skill level 8 in Shields
  8611 | D:9      | Killed a two-headed ogre
  8611 | D:9      | Reached ***** piety under Okawaru
  8611 | D:9      | Reached skill level 9 in Shields
  8635 | D:9      | Reached XP level 11. HP: 54/94 MP: 10/10
  8765 | D:9      | Found a staircase to the Lair.
  8921 | D:9      | Found a large runed door.
  9055 | D:9      | Noticed a centaur warrior
  9067 | D:9      | Killed a centaur warrior
  9067 | D:9      | Reached skill level 10 in Armour
  9067 | D:9      | Reached skill level 10 in Shields
  9078 | D:9      | Got a vibrating bone ring
  9212 | D:9      | Identified the ring "Pexiarph" {rF+ rC+ Str+4 Int+3} (You found it on level 9 of the Dungeon)
  9286 | Lair:1   | Entered Level 1 of the Lair of Beasts
  9723 | Lair:1   | Received a gift from Okawaru
  9726 | Lair:1   | Got a translucent great sword {god gift}
  9777 | Lair:1   | Noticed a six-headed hydra
  9783 | Lair:1   | Killed a six-headed hydra
  9783 | Lair:1   | Reached skill level 11 in Shields
 10021 | Lair:1   | Reached skill level 12 in Shields
 10372 | Lair:2   | Found a frozen archway.
 10415 | Lair:2   | Reached skill level 10 in Fighting
 10574 | Lair:2   | Found a staircase to the Shoals.
 10613 | Lair:2   | Reached skill level 13 in Shields
 10636 | Lair:2   | Received a gift from Okawaru
 10975 | Lair:2   | Reached XP level 12. HP: 105/107 MP: 11/11
 10982 | Lair:2   | Reached skill level 14 in Shields
 11359 | Lair:2   | Reached skill level 15 in Shields
 11574 | Lair:3   | Found a staircase to the Snake Pit.
 11917 | Lair:3   | Reached skill level 16 in Shields
 12057 | Lair:3   | Reached ****** piety under Okawaru
 12315 | Lair:3   | Received a gift from Okawaru
 12775 | Lair:4   | Reached skill level 17 in Shields
 12810 | Lair:4   | Noticed a five-headed hydra
 12818 | Lair:4   | Killed a five-headed hydra
 12983 | Lair:4   | Noticed a five-headed hydra
 12988 | Lair:4   | Killed a five-headed hydra
 13109 | Lair:4   | Found a labyrinth entrance.
 13286 | Lair:4   | Reached skill level 18 in Shields
 14020 | Lair:5   | Reached XP level 13. HP: 89/116 MP: 12/12
 14616 | Lair:6   | Entered Level 6 of the Lair of Beasts
 14653 | Lair:6   | Reached skill level 19 in Shields
 14712 | Lair:6   | Found a staircase to the Slime Pits.
 15035 | Lair:6   | Received a gift from Okawaru
 15883 | Lair:6   | Reached skill level 20 in Shields
 15926 | Lair:6   | Received a gift from Okawaru
 16472 | Lair:6   | Noticed a dire elephant
 16491 | Lair:6   | Killed a dire elephant
 16491 | Lair:6   | Reached XP level 14. HP: 85/127 MP: 13/13
 16644 | Lair:6   | Found a burning altar of Makhleb.
 16687 | Lair:6   | Reached skill level 1 in Dodging
 16881 | Lair:6   | Found a gateway to Hell.
 17155 | Shoals:1 | Entered Level 1 of the Shoals
 17200 | Shoals:1 | Slain by an alligator snapping turtle

Vault maps used:
D:1:      onia_arrival_larder
D:2:      serial_aquarium, aquarium_bridge_straight, aquarium_window_corner,
          aquarium_window_fake, aquarium_view_2e, aquarium_balcony_5b,
          minivault_26, hex_large
D:3:      nicolae_ru_path_of_blood, hangedman_abyss_or_decor_stabs
D:4:      minmay_temple_entry_overgrown, cheibrodos_ashenzari_chains
D:5:      first_bread, uniq_blork_the_orc, uniq_edmund, uniq_prince_ribbit1
D:6:      serial_shops, shop_fountains, eino_small_chamber_without_monster,
          minivault_14, uniq_pikel, uniq_crazy_yiuf_cottage
D:7:      kennysheep_spiral_hall, doesnt_xom_only_xom, uniq_duvessa
D:8:      grunt_livestock
D:9:      minmay_lair_entry_grove, orc_0_dummy, hangedman_abyss_or_decor_clamps,
          minmay_hollow_rounded_squares
Temple:   kilobyte_greek_temple
Lair:2:   minmay_shoals_entry_centaurs, portal_ice_cave_entry_pillars_1,
          grunt_forest_large_clearing_hut, lemuel_fruit_tree
Lair:3:   guppyfry_snake_entry_garden, grunt_megastairs_4
Lair:4:   lab_entry_generic
Lair:5:   beast_lair_carwin_7, minmay_lair_oklob_chamber
Lair:6:   evil_forest, slime_dummy
Shoals:1: nicolae_shoals_siren_and_animal_friends

Skill      XL: |  1  2  3  4  5  6  7  8  9 10 11 12 13 14 |
---------------+-------------------------------------------+-----
Maces & Flails | 3 4 5 7 9 11 13 14 | 14.4
Fighting       | 6 8 10 11 12 13 | 13.1
Shields        | 6 9 13 18 20 | 20.4
Armour         | 7 9 11 12 | 12.7
Dodging        | 1 |  1.7

Action                   |  1- 3 |  4- 6 |  7- 9 | 10-12 | 13-15 || total
-------------------------+-------+-------+-------+-------+-------++-------
Melee: Flail             |    97 |    81 |   184 |       |       ||   362
       Headbutt          |    14 |    13 |    71 |   190 |   156 ||   444
       Whip              |       |       |   184 |   681 |   138 ||  1003
       Morningstar       |       |       |       |       |   262 ||   262
Invok: Heroism           |       |       |     1 |     4 |     6 ||    11
  Use: Potion            |       |     3 |     5 |       |    14 ||    22
       Scroll            |       |       |    13 |     6 |     6 ||    25
  Eat: Chunk             |     1 |     3 |     8 |    19 |     2 ||    33
       Bread ration      |       |       |     2 |       |       ||     2
       Royal jelly       |       |       |     1 |     1 |     1 ||     3
       Fruit             |       |       |       |     2 |     2 ||     4
       Meat ration       |       |       |       |       |     1 ||     1
Armor: Scale mail        |    42 |    25 |    87 |    96 |   117 ||   367
       Skin              |       |       |     2 |       |       ||     2
       Leather armour    |       |       |       |     9 |       ||     9
Dodge: Dodged            |    25 |    16 |    59 |    99 |    86 ||   285
       Deflected         |       |       |       |       |     2 ||     2
Block: Shield            |    46 |    41 |   111 |   145 |       ||   343
       Large shield      |       |       |       |   292 |   493 ||   785

Table legend:
 A = Spawn XP
 B = Non-spawn XP
 C = Spawn XP percentage of total XP
 D = Spawn monster count
 E = Non-spawn monster count
 F = Spawn count percentage of total count
 G = Total turns spent on level
                    A         B        C        D         E        F      G
               +---------+---------+-------+---------+---------+-------+---------
         Total |       0 |   71654 |   0.0 |       0 |     426 |   0.0 | 17200
               +---------+---------+-------+---------+---------+-------+---------
           D:1 |       0 |      28 |   0.0 |       0 |      21 |   0.0 |   688
           D:2 |       0 |      64 |   0.0 |       0 |      16 |   0.0 |   952
           D:3 |       0 |     260 |   0.0 |       0 |      21 |   0.0 |   451
           D:4 |       0 |     549 |   0.0 |       0 |      11 |   0.0 |  1056
           D:5 |       0 |    1264 |   0.0 |       0 |      24 |   0.0 |   959
           D:6 |       0 |    1294 |   0.0 |       0 |      29 |   0.0 |  1012
           D:7 |       0 |    1164 |   0.0 |       0 |      25 |   0.0 |  1058
           D:8 |       0 |    3472 |   0.0 |       0 |      32 |   0.0 |  1421
           D:9 |       0 |    4958 |   0.0 |       0 |      49 |   0.0 |  1534
        Lair:1 |       0 |    4041 |   0.0 |       0 |      16 |   0.0 |  1086
        Lair:2 |       0 |    7588 |   0.0 |       0 |      34 |   0.0 |  1214
        Lair:3 |       0 |    5374 |   0.0 |       0 |      28 |   0.0 |  1227
        Lair:4 |       0 |    3475 |   0.0 |       0 |      12 |   0.0 |   812
        Lair:5 |       0 |    9355 |   0.0 |       0 |      30 |   0.0 |  1072
        Lair:6 |       0 |   26563 |   0.0 |       0 |      75 |   0.0 |  2458
      Shoals:1 |       0 |    2205 |   0.0 |       0 |       3 |   0.0 |    45
               +---------+---------+-------+---------+---------+-------+---------
